 Dungeon Crawl Stone Soup version 0.25.1-2-g60ff931df9 (webtiles) character file.

Game seed: 4275738997088782884

20635 TheThingUpstairs the Grappler (level 12, -4/104 HPs)
             Began as a Troll Monk on Nov 16, 2020.
             Was the Champion of the Shining One.
             Slain by an eight-headed hydra (8 damage)
             ... on level 13 of the Dungeon on Nov 17, 2020.
             The game lasted 01:16:24 (11893 turns).

TheThingUpstairs the Grappler (Troll Monk)         Turns: 11893, Time: 01:16:25

Health: -4/104     AC: 12    Str: 28    XL:     12   Next: 47%
Magic:  15/15      EV: 15    Int: 17    God:    the Shining One [******]
Gold:   1760       SH:  0    Dex: 20    Spells: 11/11 levels left

rFire    . . .     SeeInvis .     - Unarmed
rCold    . . .     Gourm    +   (no shield)
rNeg     + + +     Faith    .   B - +4 robe "Neaqadd" {Regen+ Dex+4}
rPois    .         Spirit   .   a - +1 hat {Int+3}
rElec    .         Reflect  .   y - +0 cloak
rCorr    .         Harm     .   (gloves unavailable)
MR       +....     Clarity  +   (boots unavailable)
Stlth    +.........             (no amulet)
HPRegen  1.07/turn              i - +6 ring of strength
MPRegen  0.14/turn              M - +6 ring of intelligence

@: glowing
A: large, unfitting armour, claws 3, horns 1, clarity, clever 1, fast metabolism
3, gourmand, magic resistance 1, regeneration 1, shaggy fur 1, tough skin 3
a: Divine Shield, Cleansing Flame, Summon Divine Warrior, Brand Weapon With Holy
Wrath, Renounce Religion


You were on level 13 of the Dungeon.
You worshipped the Shining One.
The Shining One was exalted by your worship.
You were very full.

You visited 2 branches of the dungeon, and saw 14 of its levels.
You also visited: Ossuary.

You collected 1880 gold pieces.
You spent 120 gold pieces at shops.

Inventory:

Missiles
 d - 2 large rocks (quivered)
 f - 296 stones
 n - 67 poisoned darts
 q - 2 throwing nets
 v - 8 boomerangs
 x - 5 silver boomerangs
 N - 7 silver javelins
Armour
 a - a +1 hat of intelligence (worn)
 o - +3 swamp dragon scales
 y - a +0 cloak (worn)
 B - the +4 robe "Neaqadd" (worn) {Regen+ Dex+4}
   (You found it on level 12 of the Dungeon)

   It affects your dexterity (+4).
   It increases your rate of regeneration.
Jewellery
 c - an uncursed ring of ice
 h - an uncursed ring of fire
 i - a +6 ring of strength (left claw)
 z - an uncursed ring of flight
 E - an uncursed ring of protection from cold
 M - a +6 ring of intelligence (right claw)
Wands
 O - a wand of paralysis (12)
Scrolls
 e - a scroll of blinking
 g - 2 scrolls of fog
 j - 4 scrolls of magic mapping
 k - 4 scrolls of amnesia
 m - 6 scrolls of remove curse
 A - a scroll of enchant weapon
 D - a scroll of fear
 H - a scroll of vulnerability
 I - a scroll of brand weapon {unknown}
 K - a scroll of torment {unknown}
Potions
 l - 4 potions of flight
 p - 7 potions of curing
 r - 2 potions of brilliance
 t - a potion of resistance
 u - 2 potions of heal wounds
 w - a potion of lignification
 C - a potion of magic
 F - a potion of haste
 G - 2 potions of might {unknown}
 L - a potion of cancellation
Miscellaneous
 s - a lightning rod (4/4)
Comestibles
 b - 25 rations


   Skills:
 - Level 2.5 Fighting
 * Level 9.5 Throwing
 * Level 7.0 Armour
 * Level 7.1 Dodging
 - Level 1.0 Stealth
 + Level 12.6 Unarmed Combat
 * Level 6.0 Invocations


You had 11 spell levels left.
You didn't know any spells.
Your spell library contained the following spells:

 Spells                   Type           Power        Failure   Level  Hunger
 Beastly Appendage        Tmut           #.....       24%         1    ##.....
 Foxfire                  Conj/Fire      #...         24%         1    ##.....
 Sticks to Snakes         Tmut           #.......     34%         2    ###....
 Conjure Flame            Conj/Fire      #.......     56%         3    ####...
 Inner Flame              Hex/Fire       #.......     56%         3    ####...
 Spider Form              Tmut/Pois      #.........   56%         3    ####...
 Ice Form                 Ice/Tmut       #.......     93%         4    #####..
 Sticky Flame             Conj/Fire      #.......     93%         4    #####..
 Blade Hands              Tmut           #.........   100%        5    ######.
 Bolt of Magma            Conj/Fire/Erth #.........   100%        5    ######.
 Fireball                 Conj/Fire      #.........   100%        5    ######.
 Iskenderun's Battlesphe  Conj/Chrm      #.......     100%        5    ######.
 Iron Shot                Conj/Erth      #.........   100%        6    #######
 Orb of Destruction       Conj           #.........   100%        7    #######
 Spellforged Servitor     Conj/Summ      #.........   100%        7    #######


Dungeon Overview and Level Annotations

Branches:
Dungeon (13/15)            Temple (1/1) D:4            Lair (0/6) D:10
    Orc (0/2) D:11        Ossuary (visited)
 Vaults: D:13-14

Altars:
Ashenzari
Cheibriados
Dithmenos
Elyvilon
Fedhas
Gozag
Hepliaklqana
Kikubaaqudgha
Makhleb
Nemelex Xobeh
Okawaru
Qazlal
Sif Muna
Trog
Uskayaw
Vehumet
Wu Jian
Xom
Yredelemnul
Zin
The Shining One

Shops:
D:8 *


Innate Abilities, Weirdness & Mutations

You are too large for most types of armour.
You have claws for hands.
Your metabolism is lightning-fast.
You like to eat raw meat.
Your natural rate of healing is unusually fast.
You are covered in fur. (AC +1)
You have extremely tough skin. (AC +3)
You have a pair of small horns on your head.
You possess an exceptional clarity of mind.
Your mind is acute. (Int +2)
You are resistant to hostile enchantments. (MR+)


Message History

The eight-headed hydra bites you!
Throwing (i - inventory. (/) - cycle)
d - 3 large rocks (quivered)
Press: ? - help, Shift-Dir - straight line, f/p - eight-headed hydra
Aim: an eight-headed hydra (severely wounded, haloed)
You throw a large rock.
The large rock completely misses the eight-headed hydra.
The eight-headed hydra bites you. x2
The eight-headed hydra closely misses you.
The eight-headed hydra bites you.
The eight-headed hydra barely misses you.
The eight-headed hydra closely misses you.
The eight-headed hydra bites you. The eight-headed hydra bites you! x2
* * * LOW HITPOINT WARNING * * *
The eight-headed hydra bites you!
* * * LOW HITPOINT WARNING * * *
The eight-headed hydra barely misses you.
The eight-headed hydra bites you!
* * * LOW HITPOINT WARNING * * *
The eight-headed hydra bites you!
You die...

##+######
#.......#
+.......#
#.....<.#
#.......#
#####'###
#@# #D#
#.# #.#
... ...
... ..(.#


You could see an eight-headed hydra.

Vanquished Creatures
  Gastronok (D:12)
  A fire dragon (D:10)
  Josephine (D:10)
  A two-headed ogre (D:10)
  Urug (D:10)
  An ugly thing (D:11)
  A deep elf mage (D:12)
  A cyclops (D:12)
  A manticore (D:9)
  3 trolls
  Grinder (D:5)
  2 hornets (D:12)
  2 slime creatures (D:12)
  Prince Ribbit (D:6)
  2 hippogriffs
  28 yaks
  3 wraiths (D:10)
  2 hungry ghosts
  3 vampire mosquitoes (D:12)
  Menkaure (D:6)
  A soldier ant (D:12)
  5 ice beasts
  4 sky beasts
  4 phantoms
  A swamp drake (D:11)
  5 orc warriors
  5 ogres
  2 eyes of draining
  5 centaurs
  3 big kobolds
  9 bullfrogs
  A gnoll sergeant (D:8)
  2 scorpions
  4 killer bees (D:9)
  8 wights
  An electric eel (D:6)
  5 howler monkeys
  A crimson imp (D:12)
  A bullfrog zombie (D:5)
  4 centaur zombies
  6 jellies
  4 orc priests
  7 hounds
  8 orc wizards
  Crazy Yiuf (D:6)
  3 bullfrog skeletons
  4 centaur skeletons
  9 worker ants
  An iguana (D:11)
  3 big kobold zombies (Ossuary)
  A hound zombie (D:10)
  6 mummies (Ossuary)
  5 gnolls (D:8)
  A howler monkey skeleton (D:5)
  9 adders
  4 shadow imps
  3 adder zombies
  An adder skeleton (D:5)
  A worm (D:2)
  3 dart slugs
  6 leopard geckos
  29 orcs
  9 giant cockroaches
  3 goblins (D:3)
  6 hobgoblins
  12 jackals
  21 kobolds
  10 quokkas
  4 ball pythons
  4 bats
  2 frilled lizards
  3 hobgoblin zombies (Ossuary)
  A quokka skeleton (D:4)
  A quokka zombie (D:8)
  3 rats
  A spectral orc (D:5)
  A plant (D:2)
324 creatures vanquished.

Vanquished Creatures (collateral kills)
  An orc priest (D:7)
  An orc (D:7)
2 creatures vanquished.

Grand Total: 326 creatures vanquished

Notes
Turn   | Place    | Note
-------+----------+-------------------------------------------
     0 | D:1      | TheThingUpstairs the Troll Monk began the quest for the
                  | Orb.
     0 | D:1      | Reached XP level 1. HP: 22/22 MP: 0/0
    84 | D:1      | Reached XP level 2. HP: 29/29 MP: 1/1
   754 | D:2      | Reached XP level 3. HP: 30/36 MP: 2/2
   886 | D:2      | Found a sparkling altar of Nemelex Xobeh.
   889 | D:2      | Found a hazy altar of Hepliaklqana.
   892 | D:2      | Found a shimmering blue altar of Sif Muna.
  1320 | D:2      | Reached skill level 4 in Unarmed Combat
  1824 | D:3      | Reached XP level 4. HP: 44/44 MP: 3/3
  1928 | D:3      | Found a snail-covered altar of Cheibriados.
  2807 | D:4      | Reached XP level 5. HP: 49/50 MP: 4/4
  2825 | D:4      | Found a staircase to the Ecumenical Temple.
  2834 | Temple   | Entered the Ecumenical Temple
  2864 | Temple   | Became a worshipper of the Shining One
  2864 | Temple   | Reached * piety under the Shining One
  2864 | Temple   | Reached ** piety under the Shining One
  3190 | D:4      | Reached skill level 5 in Unarmed Combat
  3203 | D:4      | Reached skill level 1 in Throwing
  3203 | D:4      | Reached XP level 6. HP: 55/59 MP: 5/5
  3610 | D:5      | Entered Level 5 of the Dungeon
  3619 | D:5      | Reached skill level 1 in Armour
  3813 | D:5      | Noticed Grinder
  3824 | D:5      | Paralysed by Grinder for 5 turns
  3839 | D:5      | Killed Grinder
  3839 | D:5      | Reached skill level 6 in Unarmed Combat
  3839 | D:5      | Reached XP level 7. HP: 52/66 MP: 6/6
  3979 | D:5      | Found a sand-covered staircase.
  3989 | Ossuary  | Entered an ossuary
  4051 | Ossuary  | Reached *** piety under the Shining One
  4138 | Ossuary  | Gained mutation: You have a pair of small horns on your
                  | head. [potion of mutation]
  4138 | Ossuary  | Gained mutation: Your mind is acute. (Int +2) [potion of
                  | mutation]
  4138 | Ossuary  | Gained mutation: You possess an exceptional clarity of
                  | mind. [potion of mutation]
  4138 | Ossuary  | Gained mutation: You are resistant to hostile enchantments.
                  | (MR+) [potion of mutation]
  4287 | D:5      | Reached skill level 7 in Unarmed Combat
  4300 | D:5      | Reached XP level 8. HP: 74/74 MP: 7/7
  4385 | D:5      | Found a basalt altar of Yredelemnul.
  4821 | D:6      | Found an iron altar of Okawaru.
  4826 | D:6      | Reached skill level 8 in Unarmed Combat
  4941 | D:6      | Noticed Menkaure
  4945 | D:6      | Killed Menkaure
  4959 | D:6      | Found a shattered altar of Ashenzari.
  5073 | D:6      | Reached **** piety under the Shining One
  5078 | D:6      | Reached skill level 1 in Invocations
  5210 | D:6      | Found a runed translucent door.
  5211 | D:6      | Noticed Crazy Yiuf
  5295 | D:6      | Reached skill level 9 in Unarmed Combat
  5302 | D:6      | Reached XP level 9. HP: 74/80 MP: 7/9
  5435 | D:6      | Noticed Prince Ribbit
  5444 | D:6      | Killed Prince Ribbit
  5544 | D:6      | Reached skill level 5 in Dodging
  5627 | D:6      | Identified a scroll of acquirement
  5628 | D:6      | Acquired +1 swamp dragon scales
  5816 | D:6      | Killed Crazy Yiuf
  6119 | D:7      | Acquired 1190 gold pieces
  6477 | D:7      | Reached skill level 10 in Unarmed Combat
  7258 | D:8      | Found Cezaus's General Store.
  7270 | D:8      | Bought a potion of haste for 120 gold pieces
  7398 | D:8      | Reached XP level 10. HP: 73/88 MP: 11/11
  7884 | D:9      | Reached skill level 5 in Throwing
  7965 | D:9      | Found a radiant altar of Vehumet.
  8119 | D:9      | Noticed a manticore
  8128 | D:9      | Killed a manticore
  8228 | D:9      | Found a shadowy altar of Dithmenos.
  8536 | D:9      | Found a bloodstained altar of Trog.
  8576 | D:10     | Entered Level 10 of the Dungeon
  8580 | D:10     | Noticed Urug
  8599 | D:10     | Killed Urug
  8599 | D:10     | Reached skill level 5 in Armour
  8709 | D:10     | Reached ***** piety under the Shining One
  8746 | D:10     | Reached skill level 11 in Unarmed Combat
  9014 | D:10     | Noticed Josephine
  9017 | D:10     | Reached XP level 11. HP: 94/94 MP: 13/13
  9019 | D:10     | Noticed a two-headed ogre
  9023 | D:10     | Killed Josephine
  9033 | D:10     | Killed a two-headed ogre
  9270 | D:10     | Found a staircase to the Lair.
  9271 | D:10     | Noticed a fire dragon
  9283 | D:10     | Killed a fire dragon
  9283 | D:10     | Reached skill level 5 in Invocations
  9916 | D:11     | Noticed a red ugly thing
  9925 | D:11     | Killed a red ugly thing
  9925 | D:11     | Reached skill level 12 in Unarmed Combat
 10768 | D:11     | Found a staircase to the Orcish Mines.
 10946 | D:12     | Noticed Gastronok
 10969 | D:12     | Reached XP level 12. HP: 54/104 MP: 15/15
 10980 | D:12     | Killed Gastronok
 11308 | D:12     | Reached ****** piety under the Shining One
 11643 | D:12     | Found a glowing golden altar of the Shining One.
 11760 | D:12     | Got an opalescent robe
 11771 | D:12     | Identified the +4 robe "Neaqadd" {Regen+ Dex+4} (You found
                  | it on level 12 of the Dungeon)
 11885 | D:13     | Noticed an eight-headed hydra
 11893 | D:13     | HP: 4/104 [eight-headed hydra (11)]
 11893 | D:13     | Slain by an eight-headed hydra

Illustrated notes

Levels and vault maps discovered:
D:1:      minmay_arrival_plants_in_alcoves, layout_basic
D:2:      layout_rooms, gammafunk_temple_overflow_forgotten, minivault_4,
          minmay_quantized
D:3:      layout_basic, lemuel_doored_altar, first_ration, grunt_ministairs_15
D:4:      layout_basic, minmay_temple_entry_antechambers,
          palyth_stone_intersect, serial_park_tiny_2
D:5:      layout_basic, yredelemnul_forgotten_temple_becter,
          nicolae_ossuary_entry_monument, minivault_14, uniq_grinder
D:6:      layout_loops_ring, ashenzari_altar_1, okawaru_trees_2,
          lightli_minifort, uniq_menkaure, uniq_crazy_yiuf_cottage,
          uniq_prince_ribbit1
D:7:      layout_basic
D:8:      layout_cave_pods, serial_shops, nicolae_shop_window_shopping
D:9:      layout_loops_ring, nicolae_overflow_hidden_temple, marbit_many_paths,
          kennysheep_mini
D:10:     layout_gridville, minmay_lair_entry_lava, uniq_josephine, uniq_urug
D:11:     layout_loops_ring, erik_orc_1
D:12:     layout_roguey, basic_altar, minmay_between, uniq_gastronok
D:13:     layout_roguey, hangedman_vaults_entry_quadrant_bands,
          nicolae_trove_entry_free_sample, hangedman_pestilent_swarm,
          corexii_hall_statues_u
Temple:   minmay_temple_bridge_abc

Skill      XL: |  1  2  3  4  5  6  7  8  9 10 11 12 |
---------------+-------------------------------------+-----
Dodging        | 3 4 5 6 7 |  7.1
Unarmed Combat | 4 5 6 7 9 10 11 12 | 12.6
Throwing       | 1 2 3 4 6 8 9 |  9.5
Armour         | 1 2 3 4 5 6 7 |  7.0
Invocations    | 1 3 4 5 6 |  6.0
Fighting       | |  2.5
Stealth        | |  1.0

Action                   |  1- 3 |  4- 6 |  7- 9 | 10-12 || total
-------------------------+-------+-------+-------+-------++-------
Melee: Unarmed           |   124 |   103 |   240 |   298 ||   765
       Punch             |     1 |     1 |    11 |    18 ||    31
       Headbutt          |       |       |    34 |    85 ||   119
Throw: Stone             |     5 |     4 |     8 |    14 ||    31
       Dart              |       |     2 |       |       ||     2
       Javelin           |       |       |    43 |    49 ||    92
       Boomerang         |       |       |       |   107 ||   107
       Large rock        |       |       |       |    11 ||    11
Invok: Divine Shield     |       |     1 |     1 |       ||     2
  Use: Scroll            |     4 |     5 |    14 |     2 ||    25
       Potion            |     2 |     1 |     9 |     2 ||    14
 Stab: Sleeping          |     2 |       |       |       ||     2
  Eat: Chunk             |    15 |    23 |    35 |    42 ||   115
Armor: Robe              |    46 |    44 |    51 |     4 ||   145
       Swamp dragon scal |       |       |    54 |   106 ||   160
Dodge: Dodged            |    49 |    75 |   135 |   143 ||   402
Block: Other             |       |       |    18 |       ||    18
